 Dungeon Crawl Stone Soup version 0.29.1-12-g30fa7ad0bf (webtiles) character file.

Game seed: 7008822537930683090

180 DemonSlayer the Digger (level 5, -1/35 HPs)
             Began as a Demonspawn Earth Elementalist on Jan 6, 2023.
             Slain by an ice beast (11 damage)
             ... on level 3 of the Dungeon.
             The game lasted 00:06:39 (2956 turns).

DemonSlayer the Digger (DsEE)                       Turns: 2956, Time: 00:06:40

Health: -1/35      AC:  6    Str:  8    XL:     5   Next: 33%
Magic:  6/10       EV: 16    Int: 18    God:
Gold:   178        SH:  4    Dex: 14    Spells: 1/11 levels left

rFire   . . .      SeeInvis .   d - +2 mace (protect)
rCold   . . .      Faith    .   (no shield)
rNeg    . . .      Spirit   .   a - +0 robe
rPois   .          Reflect  .   (helmet restricted)
rElec   .          Harm     .   n - +0 cloak
rCorr   .          Rampage  .   (no gloves)
Will    .....                   b - +0 pair of boots
Stlth   ++........              (no amulet)
HPRegen 0.11/turn               m - +4 ring of evasion
MPRegen 0.12/turn               (no ring)

@: no status effects
A: antennae 1, molten scales 1, powered by pain 1, condensation shield
a: no special abilities


You were on level 3 of the Dungeon.
You visited 1 branch of the dungeon, and saw 3 of its levels.

You collected 178 gold pieces.

Inventory:

Hand Weapons
 d - a +2 mace of protection (weapon)
Armour
 a - a +0 robe (worn)
 b - a +0 pair of boots (worn)
 n - a +0 cloak (worn)
Jewellery
 m - a +4 ring of evasion (left hand)
Scrolls
 c - a scroll of amnesia {unknown}
 g - a scroll of magic mapping {unknown}
 h - a scroll of torment {unknown}
 l - a scroll of teleportation {unknown}
Potions
 e - a potion of brilliance {unknown}
 f - a potion of heal wounds {unknown}
 i - 2 potions of lignification {unknown}
 j - 3 potions of resistance {unknown}
 k - 3 potions of curing
 o - a potion of haste {unknown}


   Skills:
 + Level 0.8 Maces & Flails
 + Level 2.0 Dodging
 + Level 2.2 Stealth
 + Level 3.7 Spellcasting
 + Level 0.8 Transmutations
 + Level 3.9 Earth Magic


You had one spell level left.
You knew the following spells:

 Your Spells              Type           Power      Damage    Failure   Level
a - Sandblast             Erth           34%        2d9       3%          1
b - Passwall              Tmut/Erth      10%        N/A       9%          2
c - Stone Arrow           Conj/Erth      20%        3d8       21%         3
d - Petrify               Tmut/Erth      12%        N/A       50%         4

Your spell library contained the following spells:

 Spells                   Type           Power      Damage    Failure   Level
 Magic Dart               Conj           12%        1d3       16%         1
 Sublimation of Blood     Necr           3%         N/A       22%         2
 Irradiate                Conj/Tmut      2%         3d12      98%         5


Dungeon Overview and Level Annotations

Branches:
Dungeon (3/15)

Altars:
Fedhas


Innate Abilities, Weirdness & Mutations

You have a pair of small antennae on your head.
You are partially covered in molten scales. (AC +2)
You sometimes gain a little power by taking damage.
A meltable shield of frost defends you. (SH +4)


Message History

The ice beast hits you but does no damage.
The blast of sand misses the ice beast.
The ice beast hits you but does no damage.
The ice beast barely misses you.
The blast of sand hits the ice beast but does no damage.
The ice beast is moderately wounded.
The ice beast hits you. The ice beast freezes you!
The blast of sand misses the ice beast.
The ice beast barely misses you. The ice beast closely misses you.
The blast of sand misses the ice beast.
You block the ice beast's attack.
The blast of sand hits the ice beast.
The ice beast is moderately wounded.
The ice beast hits you but does no damage.
The ice beast completely misses you.
The blast of sand hits the ice beast.
The ice beast is moderately wounded.
The ice beast barely misses you.
The blast of sand hits the ice beast but does no damage.
The ice beast is moderately wounded.
The ice beast barely misses you. You block the ice beast's attack.
The blast of sand hits the ice beast.
The ice beast is heavily wounded.
The ice beast hits you but does no damage.
The blast of sand hits the ice beast.
The ice beast is severely wounded.
The ice beast hits you. The ice beast freezes you!
* * * LOW HITPOINT WARNING * * *
You focus on the pain.
You feel your power returning. The ice beast completely misses you.
Casting: Sandblast (safe; 3% risk of failure)
Confirm with . or Enter, or press ? or * to list all spells.
Aiming: Sandblast (safe; 3% risk of failure)
Press: ? - help, Shift-Dir - straight line, f/p - ice beast
Aim: an ice beast (severely wounded, 82% to hit)
The blast of sand hits the ice beast but does no damage.
The ice beast is severely wounded.
The ice beast hits you.
* * * LOW HITPOINT WARNING * * *
The ice beast freezes you!
You die...

#.# #...#.# ## #..#
#...#.# .. ...#.#.#.# # #.
#.#.#.#.# ##. #. ##..#<#.#
#... .#####.#...###.#
.....##.......>......###
♣....Y######.#.......#
#@..# #.#######.# ###
####.## #. #.# #.# {#.##.#
#. #.# #.# #....# #.# #.#
#.######## #.# #.###
#......... #.# #.#.#
#.################.#
#.#.###..................#
#.#......#################


You could see an ice beast.

Vanquished Creatures
  Crazy Yiuf (D:2)
  Natasha (thrice) (D:2)
  3 adders (D:2)
  2 worms
  A dart slug (D:1)
  5 endoplasms
  3 giant cockroaches
  3 goblins
  3 hobgoblins
  4 jackals (D:1)
  3 kobolds
  2 ball pythons
  6 bats
  3 frilled lizards
  6 rats
48 creatures vanquished.

Notes
Turn   | Place    | Note
-------+----------+-------------------------------------------
     0 | D:1      | DemonSlayer the Demonspawn Earth Elementalist began the
                  | quest for the Orb.
     0 | D:1      | Reached XP level 1. HP: 13/13 MP: 3/3
   400 | D:1      | Gained mutation: You sometimes gain a little power by
                  | taking damage. [demonic ancestry]
   400 | D:1      | Reached XP level 2. HP: 19/19 MP: 1/5
   403 | D:1      | Learned a level 2 spell: Passwall
   529 | D:1      | Found a faded altar of an unknown god.
  1042 | D:1      | Got Plato's Dissertation on Blows and Bruises
  1341 | D:2      | Gained mutation: A meltable shield of frost defends you.
                  | (SH +4) [demonic ancestry]
  1341 | D:2      | Reached XP level 3. HP: 23/24 MP: 6/6
  1914 | D:2      | Gained mutation: You have a pair of small antennae on your
                  | head. [demonic ancestry]
  1914 | D:2      | Reached XP level 4. HP: 18/30 MP: 2/7
  2165 | D:2      | Found a blossoming altar of Fedhas.
  2167 | D:2      | Noticed Natasha
  2174 | D:2      | Killed Natasha
  2270 | D:2      | Noticed Natasha
  2274 | D:2      | Killed Natasha
  2356 | D:2      | Found a runed translucent door.
  2357 | D:2      | Noticed Crazy Yiuf
  2364 | D:2      | Killed Crazy Yiuf
  2365 | D:2      | Gained mutation: You are partially covered in molten
                  | scales. (AC +2) [demonic ancestry]
  2365 | D:2      | Reached XP level 5. HP: 26/35 MP: 5/10
  2479 | D:2      | Noticed Natasha
  2486 | D:2      | Killed Natasha
  2542 | D:2      | Learned a level 3 spell: Stone Arrow
  2547 | D:2      | Learned a level 4 spell: Petrify
  2893 | D:3      | Noticed an ice beast
  2956 | D:3      | Slain by an ice beast

Illustrated notes

Levels and vault maps discovered:
D:1:      ncdulo_lavacross, layout_basic, shapermc_ecumenical_altar_rom_forum,
          hex_intersection
D:2:      layout_loops_ring, basic_altar, uniq_natasha, uniq_crazy_yiuf_cottage
D:3:      layout_basic, lemuel_coloured_pillars_altar, grunt_ministairs_14

Skill      XL: |  1  2  3  4 |
---------------+-------------+-----
Earth Magic    | 3 |  3.9
Dodging        | 2 |  2.0
Stealth        | 2 |  2.2
Spellcasting   | 3 |  3.7
Maces & Flails | |  0.8
Transmutations | |  0.8

Action                   |  1- 3 |  4- 6 || total
-------------------------+-------+-------++-------
Melee: Mace              |    23 |       ||    23
 Cast: Sandblast         |    54 |    35 ||    89
  Use: Potion            |     1 |       ||     1
Armor: Robe              |     8 |     7 ||    15
Dodge: Dodged            |    48 |    14 ||    62
Block: Other             |     4 |     2 ||     6
